 Dungeon Crawl Stone Soup version 0.30.1-9-gdf580d7c3d (webtiles) character file.

Game seed: 18330038061235825094

7391 bearlyready the Brawler (level 10, -6/94 HPs)
             Began as a Troll Berserker on Oct 11, 2023.
             Was a High Priest of Trog.
             Killed from afar by an electric eel (10 damage)
             ... with a bolt of electricity
             ... on level 10 of the Dungeon on Oct 12, 2023.
             The game lasted 00:11:39 (6182 turns).

bearlyready the Brawler (Troll Berserker)           Turns: 6182, Time: 00:11:40

Health: -6/94      AC:  8    Str: 36    XL:     10   Next: 92%
Magic:  0/9        EV: 15    Int:  3    God:    Trog [*****.]
Gold:   461        SH:  0    Dex:  9    Spells: 9/9 levels left

rFire   + .          .
                       - Unarmed
rCold   . . .        (no shield)
rNeg    . . .        R - +0 steam dragon scales
rPois   .            (helmet restricted)
rElec   .            E - +0 cloak
rCorr   +            (gloves unavailable)
SInv    .            (boots unavailable)
Will    .....        d - amulet of guardian spirit
Stlth   +            n - ring "Kozxe" {Drain rF+ rCorr Str+5}
HPRegen 1.15/turn    M - +5 ring of evasion
MPRegen 0.11/turn

%: guardian spirit
@: no status effects
A: large, unfitting armour, claws 3, regeneration 1, shaggy fur 1, tough skin 1
a: Renounce Religion, Berserk, Trog's Hand, Brothers in Arms


You were on level 10 of the Dungeon.
You worshipped Trog.
Trog was extremely pleased with you.
You visited 1 branch of the dungeon, and saw 10 of its levels.

You collected 591 gold pieces.
You spent 130 gold pieces at shops.

Inventory:

Hand Weapons
 U - the +12 sling of Noogeuxa {freeze, rF+}
   (You found it on level 9 of the Dungeon)

   rF:        It protects you from fire.
Missiles
 m - 17 poisoned darts (quivered)
 q - 7 large rocks
 y - 6 boomerangs
 G - 3 boomerangs of dispersal
 H - a throwing net
 K - 4 atropa-tipped darts
 S - 3 curare-tipped darts
Armour
 p - the +18 Lear's hauberk
   (You found it on level 2 of the Dungeon)
 z - a +0 tower shield
 E - a +0 cloak (worn)
 R - +0 steam dragon scales (worn)
Jewellery
 d - an amulet of guardian spirit (around neck)
 n - the ring "Kozxe" (left claw) {Drain rF+ rCorr Str+5}
   (You bought it in a shop on level 1 of the Dungeon)

   [ring of resist corrosion]

   Str:       It affects your strength (+5).
   rF:        It protects you from fire.
   rCorr:     It protects you from acid and corrosion.
   Drain:     It drains your maximum health when unequipped.
 r - a ring of resist corrosion
 x - a ring of willpower
 A - an amulet of magic regeneration
 M - a +5 ring of evasion (right claw)
 P - a ring of willpower
 T - an amulet of regeneration
Wands
 C - a wand of digging (5)
 D - a wand of iceblast (12)
 O - a wand of mindburst (18)
Scrolls
 a - 3 scrolls of acquirement {unknown}
 b - 4 scrolls of poison {unknown}
 i - 3 scrolls of fear {unknown}
 k - a scroll of butterflies {unknown}
 l - 5 scrolls of teleportation {unknown}
 s - a scroll of noise {unknown}
 t - 2 scrolls of torment {unknown}
 u - a scroll of vulnerability {unknown}
 v - 8 scrolls of identify {unknown}
 w - a scroll of amnesia {unknown}
 B - 2 scrolls of immolation {unknown}
 I - 3 scrolls of enchant armour {unknown}
 N - a scroll of fog {unknown}
 Q - a scroll of enchant weapon {unknown}
Potions
 c - 4 potions of heal wounds {unknown}
 e - 7 potions of attraction {unknown}
 f - a potion of lignification {unknown}
 g - a potion of cancellation {unknown}
 h - 7 potions of curing
 j - 4 potions of might
 o - 3 potions of berserk rage {unknown}
 F - a potion of degeneration {unknown}
 J - 3 potions of flight {unknown}
 L - 2 potions of ambrosia {unknown}
 V - a potion of magic {unknown}


   Skills:
 + Level 4.6 Fighting
 + Level 4.0 Throwing
 - Level 2.4 Dodging
 + Level 15.5 Unarmed Combat


You had 9 spell levels left.
You didn't know any spells.
Your spell library was empty.

Dungeon Overview and Level Annotations

Branches:
Dungeon (10/15)            Temple (0/1) D:6            Lair (0/5) D:9
    Orc: D:9-12

Altars:
Ashenzari
Fedhas
Kikubaaqudgha
Nemelex Xobeh
Okawaru
Qazlal
Ru
Sif Muna
Trog
Vehumet
Yredelemnul
Zin

Shops:
D:1 *   D:7 [


Innate Abilities, Weirdness & Mutations

You are too large for most types of armour.
You have claws for hands.
Your natural rate of healing is unusually fast.
You are covered in fur. (AC +1)
You have tough skin. (AC +1)


Message History

Things that are here:
a +0 whip of electrocution; 2 stones; a kobold corpse You closely miss the electric eel.
The electric eel shoots out a bolt of lightning at you!
The bolt of electricity hits you!
The electric eel shoots out a bolt of lightning at you!
The bolt of electricity hits the electric eel.
The electric eel completely resists.
The bolt of electricity hits you!
You completely miss the electric eel. You mangle the electric eel!!
You kill the electric eel!
Trog accepts your kill.
You hear a splash.
The electric eel shoots out a bolt of lightning at you!
The bolt of electricity hits you!
The electric eel shoots out a bolt of lightning at you!
The bolt of electricity hits you. x2
The electric eel shoots out a bolt of lightning at you!
The bolt of electricity misses you.
The electric eel shoots out a bolt of lightning at you!
The bolt of electricity hits you!
The electric eel shoots out a bolt of lightning at you!
The bolt of electricity hits you!
The electric eel shoots out a bolt of lightning at you!
The bolt of electricity hits the electric eel.
The electric eel completely resists.
The bolt of electricity hits you!
The electric eel shoots out a bolt of lightning at you!
The bolt of electricity hits you!
* * * LOW HITPOINT WARNING * * *
The electric eel shoots out a bolt of lightning at you!
The bolt of electricity hits the electric eel.
The electric eel completely resists.
The bolt of electricity hits you!
* * * LOW HITPOINT WARNING * * *
Okay, then.
The electric eel shoots out a bolt of lightning at you!
The bolt of electricity hits you!
* * * LOW HITPOINT WARNING * * *
The electric eel shoots out a bolt of lightning at you!
The bolt of electricity hits you!
You die...

# # # # # ### #
... # #.###### #
+......# #
#.#..#@# #
#.#..#.# . #
#.#..#.# # #~# #
#. #.#..#.# ..~~~
#
#.##.#.)#.#.#~~~~
#
##.##.#..#.#.~~~~~
#
#.....#.)#.#~~~~~~
#
#..##.#..))S~~~~~~
#
#........#.~~~~~~~


You could see an electric eel.

Vanquished Creatures
  A rime drake (D:9)
  A troll (D:9)
  A polar bear (D:9)
  4 yaks (D:10)
  Eustachio (D:6)
  A steam dragon (D:8)
  4 vampire mosquitoes
  Edmund (D:5)
  An acid dragon (D:9)
  2 water moccasins
  Duvessa (D:7)
  4 orc warriors
  2 sky beasts
  4 ice beasts
  3 black bears
  2 wolves (D:9)
  3 centaurs
  4 kobold brigands
  2 bullfrogs
  A scorpion (D:5)
  25 wights
  Dowan (D:7)
  6 killer bees (D:9)
  2 howler monkeys (D:6)
  An electric eel (D:10)
  7 hounds
  7 orc priests
  2 sleepcaps
  5 jellies
  Ijyb (D:5)
  5 iguanas
  5 orc wizards
  4 adders
  A gnoll (D:6)
  A shadow imp (D:8)
  2 white imps
  An ufetubus (D:5)
  2 worms
  2 dart slugs
  28 orcs
  4 endoplasms
  A giant cockroach (D:2)
  6 goblins
  13 hobgoblins
  6 jackals
  4 quokkas
  8 ball pythons
  7 bats
  A frilled lizard (D:2)
  12 kobolds
  A rat (D:2)
214 creatures vanquished.

Vanquished Creatures (others)
  2 kobolds (D:10)
2 creatures vanquished.

Grand Total: 216 creatures vanquished

Notes
Turn   | Place    | Note
-------+----------+-------------------------------------------
     0 | D:1      | bearlyready the Troll Berserker began the quest for the
                  | Orb.
     0 | D:1      | Reached XP level 1. HP: 22/22 MP: 0/0
    43 | D:1      | Found a faded altar of an unknown god.
   110 | D:1      | Reached XP level 2. HP: 16/29 MP: 1/1
   298 | D:1      | Found Reve's Assorted Antiques.
   315 | D:1      | Reached skill level 4 in Unarmed Combat
   839 | D:2      | Reached XP level 3. HP: 36/36 MP: 2/2
  1048 | D:2      | Reached ** piety under Trog
  1186 | D:1      | Bought a twitching marble ring for 130 gold pieces
  1186 | D:1      | Identified the ring "Kozxe" {Drain rF+ rCorr Str+5} (You
                  | bought it in a shop on level 1 of the Dungeon)
  1327 | D:2      | Found the +18 Lear's hauberk
  1625 | D:3      | Found a sparkling altar of Nemelex Xobeh.
  1750 | D:3      | Reached XP level 4. HP: 44/44 MP: 3/3
  1761 | D:3      | Reached skill level 5 in Unarmed Combat
  1852 | D:3      | Found a radiant altar of Vehumet.
  2080 | D:4      | Found a sacrificial altar of Ru.
  2210 | D:4      | Found a glowing silver altar of Zin.
  2213 | D:4      | Found a shimmering blue altar of Sif Muna.
  2332 | D:4      | Reached XP level 5. HP: 50/50 MP: 4/4
  2485 | D:5      | Entered Level 5 of the Dungeon
  2485 | D:5      | Noticed Ijyb
  2489 | D:5      | Killed Ijyb
  2490 | D:5      | Reached skill level 6 in Unarmed Combat
  2609 | D:5      | Reached XP level 6. HP: 59/59 MP: 5/5
  2624 | D:5      | Reached skill level 7 in Unarmed Combat
  2652 | D:5      | Reached *** piety under Trog
  2715 | D:5      | Reached skill level 8 in Unarmed Combat
  2715 | D:5      | Reached XP level 7. HP: 60/66 MP: 3/6
  2754 | D:5      | Noticed Edmund
  2764 | D:5      | Killed Edmund
  2795 | D:5      | Found a basalt altar of Yredelemnul.
  2919 | D:5      | Reached skill level 9 in Unarmed Combat
  2955 | D:5      | Reached XP level 8. HP: 46/74 MP: 5/7
  2967 | D:5      | Reached skill level 10 in Unarmed Combat
  3143 | D:5      | Found an ancient bone altar of Kikubaaqudgha.
  3216 | D:6      | Found a stormy altar of Qazlal.
  3234 | D:6      | Noticed Eustachio
  3250 | D:6      | Killed Eustachio
  3251 | D:6      | Reached skill level 11 in Unarmed Combat
  3391 | D:6      | Reached **** piety under Trog
  3526 | D:6      | Found a staircase to the Ecumenical Temple.
  3733 | D:6      | Found a bloodstained altar of Trog.
  3733 | D:6      | Found an iron altar of Okawaru.
  3920 | D:7      | Reached skill level 12 in Unarmed Combat
  3921 | D:7      | Reached XP level 9. HP: 80/80 MP: 5/8
  3943 | D:7      | Noticed Dowan
  3944 | D:7      | Noticed Duvessa
  3963 | D:7      | Killed Duvessa
  3969 | D:7      | Killed Dowan
  4222 | D:7      | Reached skill level 13 in Unarmed Combat
  4313 | D:7      | Found Ifeotzog's Armour Shop.
  4618 | D:8      | Identified the +6 war axe "Diptuol" {venom, rF+ MP+9 Dex+6}
  4673 | D:8      | Reached skill level 14 in Unarmed Combat
  4741 | D:8      | Reached XP level 10. HP: 88/88 MP: 9/9
  4758 | D:8      | Found a blossoming altar of Fedhas.
  4905 | D:8      | Found a broken altar of Ashenzari.
  5385 | D:9      | Reached skill level 1 in Throwing
  5388 | D:9      | Reached skill level 15 in Unarmed Combat
  5520 | D:9      | Reached ***** piety under Trog
  5524 | D:9      | Found a staircase to the Lair.
  5776 | D:9      | Identified the +12 sling of Noogeuxa {freeze, rF+}
  6045 | D:10     | Entered Level 10 of the Dungeon
  6181 | D:10     | HP: 3/94 [electric eel/bolt of electricity (9)]
  6182 | D:10     | Killed from afar by an electric eel

Illustrated notes

Levels and vault maps discovered:
D:1:      lightli_arrival_boilingwater, layout_basic,
          ebering_ecumenical_altar_petrified, serial_shops, shop,
          minmay_tetromino_i4
D:2:      layout_basic, minmay_fractal_squares_5
D:3:      layout_rooms, nicolae_vehumet_altar_sigil, nemelex_spade_bored_becter
D:4:      layout_rooms, mainiacjoe_overflow_catwalk,
          mainiacjoe_overflow_divided_tiny
D:5:      minmay_chambers_of_threes, layout_rooms, marbit_many_paths,
          nicolae_overflow_crystal_walls, kennysheep_generic_room_14,
          uniq_edmund, uniq_ijyb
D:6:      layout_loops_ring, grunt_temple_overflow_bloody_war,
          nicolae_qazlal_scattered_showers, minmay_temple_entry_sparse_star,
          uniq_eustachio
D:7:      layout_rooms, serial_shops, nicolae_shop_waterfront, uniq_duvessa
D:8:      layout_basic, mainiacjoe_overflow_alcove_4, kennysheep_little_box
D:9:      layout_small_grid, hellmonk_lair_entry_icy, minmay_starry_boxes
D:10:     layout_basic, lemuel_doored_altar, orc_0_dummy

Skill      XL: |  1  2  3  4  5  6  7  8  9 10 |
---------------+-------------------------------+-----
Unarmed Combat | 4 5 6 8 9 12 14 15 | 15.5
Throwing       | 4 |  4.0
Fighting       | 4 |  4.6
Dodging        | |  2.4

Action                     |  1- 3 |  4- 6 |  7- 9 | 10-12 || total
---------------------------+-------+-------+-------+-------++-------
  Melee: Unarmed           |   102 |    91 |   193 |   146 ||   532
         Punch             |     1 |     6 |     9 |    10 ||    26
 Invoke: Berserk           |       |     1 |     3 |     3 ||     7
   Stab: Sleeping          |       |       |     1 |       ||     1
 Armour: Animal skin       |    44 |    21 |    29 |       ||    94
         Steam dragon scal |       |       |     3 |    21 ||    24
  Dodge: Dodged            |    45 |    54 |    93 |    86 ||   278
